 Dungeon Crawl Stone Soup version 0.21-a0-243-g597973d (webtiles) character file.

1095 RandomMack the Covert (level 8, -8/37 HPs)
             Began as a Spriggan Assassin on Sept 4, 2017.
             Was an Initiate of Dithmenos.
             Mangled by a komodo dragon (23 damage)
             ... on level 1 of the Lair of Beasts.
             The game lasted 00:04:43 (1158 turns).

RandomMack the Covert (Spriggan Assassin)           Turns: 1158, Time: 00:04:44

Health: -8/37      AC:  5    Str:  7    XL:     8   Next: 10%
Magic:  9/9        EV: 16    Int: 12    God:    Dithmenos [......]
Gold:   43         SH:  0    Dex: 20    Spells: 7/7 levels left

rFire    . . .     SeeInvis +   a - +2 dagger
rCold    . . .     Gourm    .   (shield restricted)
rNeg     . . .     Faith    .   i - +0 troll leather armour {regen}
rPois    .         Spirit   .   (helmet restricted)
rElec    .         Reflect  .   d - +0 cloak
rCorr    .         Harm     .   (gloves unavailable)
MR       +....                  (boots unavailable)
Stlth    ++++++....             (no amulet)
HPRegen  0.52/turn              (no ring)
MPRegen  0.11/turn              (no ring)

@: very quick
A: unfitting armour, see invisible, herbivore 3, speed 3, slow metabolism 2
a: Renounce Religion


You were on level 1 of the Lair of Beasts.
You worshipped Dithmenos.
Dithmenos was noncommittal.
You were not hungry.

You visited 3 branches of the dungeon, and saw 13 of its levels.
You also visited: Bailey.

You collected 43 gold pieces.

Inventory:

Hand Weapons
 a - a +2 dagger (weapon)
 b - a +0 blowgun
Missiles
 e - 8 poisoned needles
 f - 2 curare-tipped needles
Armour
 d - a +0 cloak (worn)
 i - a +0 troll leather armour (worn) {regen}
   (You found it on level 3 of the Dungeon)
Jewellery
 k - an uncursed amulet of guardian spirit {unknown}
   (You found it on level 3 of the Dungeon)
 m - a +2 amulet of reflection {unknown}
   (You found it on level 5 of the Dungeon)
Wands
 u - a wand of lightning (12/15)
   (You found it on level 9 of the Dungeon)
Scrolls
 h - a scroll of magic mapping {unknown}
 j - a scroll of teleportation {unknown}
 n - a scroll of amnesia {unknown}
 p - a scroll of remove curse {unknown}
 q - 2 scrolls of identify {unknown}
 s - 2 scrolls of fear {unknown}
 t - 2 scrolls of random uselessness {unknown}
 v - a scroll of recharging {unknown}
 w - a scroll of immolation {unknown}
Potions
 l - 2 potions of agility {unknown}
 r - a potion of resistance {unknown}
Books
 o - a book of Necromancy
   (You found it on level 7 of the Dungeon)
Comestibles
 c - 2 fruits
 g - 3 bread rations {@e1}


   Skills:
 - Level 1.5 Fighting
 - Level 2.1 Short Blades
 - Level 2.0 Throwing
 - Level 1.5 Dodging
 + Level 14.9 Stealth


You had 7 spell levels left.
You didn't know any spells.

Dungeon Overview and Level Annotations

Branches:
Dungeon (11/15)            Temple (1/1) D:5            Lair (1/6) D:11
    Orc: D:9-12

Altars:
Cheibriados
Dithmenos
Fedhas
Gozag
Okawaru
Ru
Uskayaw
Wu Jian
Xom

Annotations:
D:6 exclusion: Grinder, Grinder
D:11 p0werm0de's ghost, novice DgNe


Innate Abilities, Weirdness & Mutations

You are very small and have problems with some larger weapons.
You are too small for most types of armour.
You have supernaturally acute eyesight. (SInv)
You are a herbivore.
You cover ground extremely quickly.
You need consume almost no food.


Message History

The stone hits you but does no damage.
There is an open door here.
You open the door.
A troll comes into view.
Found a stone staircase leading down.
There is an open door here.
The helpless troll fails to defend itself.
You perforate the troll like a sieve!!!
You kill the troll!
Dithmenos accepts your kill.
You have reached level 8!
Health restored: 37; MP restored: 9
There is a stone staircase leading down here.
The yak gores you.
You climb downwards.
A jelly comes into view.
There is a stone staircase leading up here.
You take 2 damage, and have 35/37 hp.
Health restored: 37
Found an escape hatch in the floor.
A hippogriff comes into view.
You see here a scroll labeled ELLEUTZATT.
v - a scroll labeled ELLEUTZATT You see here a scroll labeled KIMIUNOBOM.
w - a scroll labeled KIMIUNOBOM A bullfrog zombie comes into view.
You see here 17 gold pieces.
A two-headed ogre comes into view.
It is wielding a giant club and a giant spiked club.
A sky beast comes into view.
You open the door.
There is an open door here.
You see here a golden potion.
You close the door.
Found a stone staircase leading down.
There is a stone staircase leading down here.
You climb downwards.
An iguana, a black bear and an acid dragon come into view.
There is a stone staircase leading up here.
The acid dragon roars!
A shadow comes into view.
A centaur comes into view.
An ogre comes into view. It is wielding a giant club.
A bullfrog comes into view.
A bullfrog, a killer bee and a howler monkey come into view.
The howler monkey howls!
The bullfrog gives a loud, deep croak! x2
The killer bee buzzes angrily.
You hear an angry buzzing noise.
The bullfrog moves out of view.
A killer bee comes into view.
You miss the bullfrog. The bullfrog completely misses you.
The bullfrog hits you but does no damage.
A killer bee comes into view.
The bullfrog completely misses you.
A killer bee comes into view.
The howler monkey hoots and howls with incredible vigour!
The bullfrog snags a nearby small bird with its tongue.
Found a meat ration.
Found a stone staircase leading down.
P0werm0de's ghost (novice Demigod Necromancer) comes into view.
It is wielding a weapon of flaming.
The floor.
The bullfrog releases a deep croak.
Found 9 gold pieces.
Found a staircase to the Lair.
Okay, then.
The komodo dragon bites the plant but does no damage.
Okay, then.
The komodo dragon hisses angrily.
P0werm0de's ghost turns its malevolent gaze towards you.
You hit the plant but do no damage. You hit the plant but do no damage.
The komodo dragon bites the plant!!
The bullfrog misses you.
You hit the plant.
The bullfrog hits you but does no damage.
The komodo dragon bites the plant!
You hit the plant but do no damage. The bullfrog hits you.
The bullfrog closely misses you.
The komodo dragon bites the plant.
You take 2 damage, and have 35/37 hp.
You completely miss the plant. The bullfrog closely misses you.
The bullfrog hits you. x2; The komodo dragon bites the plant!
The plant is destroyed!
The bullfrog closely misses you.
You take 9 damage, and have 26/37 hp.
MASSIVE DAMAGE!!
P0werm0de's ghost boasts, "I have defeated monsters you have never seen."
The killer bee stings the plant but does no damage.
The komodo dragon bites you.
You take 1 damage, and have 25/37 hp.
The killer bee misses you.
There is a staircase to the Lair here.
The killer bee stings the plant but does no damage.
The killer bee closely misses you.
The bullfrog hits the plant but does no damage.
The komodo dragon bites you!
The killer bee stings the plant.
The bullfrog hits the plant but does no damage.
The killer bee misses you.
You climb downwards.
Welcome to the Lair of Beasts!
There is a staircase back to the Dungeon here.
You take 11 damage, and have 15/37 hp.
MASSIVE DAMAGE!!
Okay, then.
The komodo dragon bites you!!
Ouch! That really hurt!
You die...

........
.......
.....
.... ..#
#.# #
###<#.#
#.yl.#
#.@..#
#....#
######


You could see a komodo dragon and a killer bee.

Vanquished Creatures
  A two-headed ogre (D:8)
  A troll (D:9)
  An ice beast (D:8)
  An ogre (D:9)
  A scorpion (D:9)
  An iguana (D:5)
  2 adders
  A dart slug (D:3)
  2 orcs
  4 goblins (D:8)
  3 jackals
18 creatures vanquished.

Vanquished Creatures (others)
  A plant (D:11)
1 creature vanquished.

Grand Total: 19 creatures vanquished

Notes
Turn   | Place    | Note
-------+----------+-------------------------------------------
     0 | D:1      | RandomMack the Spriggan Assassin began the quest for the Orb.
     0 | D:1      | Reached XP level 1. HP: 10/10 MP: 2/2
    39 | D:3      | Reached skill level 6 in Stealth
   164 | D:4      | Noticed a worker ant
   164 | D:4      | Noticed an orc priest
   247 | D:3      | Reached XP level 2. HP: 14/14 MP: 3/3
   302 | D:3      | Found a snail-covered altar of Cheibriados.
   313 | D:3      | Reached skill level 7 in Stealth
   319 | D:4      | Noticed an ice beast
   334 | D:5      | Entered Level 5 of the Dungeon
   375 | D:5      | Found a staircase to the Ecumenical Temple.
   384 | Temple   | Entered the Ecumenical Temple
   400 | Temple   | Became a worshipper of Dithmenos the Shadowed
   430 | D:5      | Reached XP level 3. HP: 9/18 MP: 4/4
   456 | D:6      | Noticed Grinder
   563 | D:7      | Reached skill level 8 in Stealth
   603 | D:8      | Noticed a bullfrog
   604 | D:8      | Noticed a bullfrog
   622 | D:8      | Found a flagged portal.
   632 | Bailey   | Entered a bailey
   647 | Bailey   | Noticed an orc warrior
   648 | Bailey   | Noticed an orc warrior
   648 | Bailey   | Noticed an orc warrior
   649 | Bailey   | Noticed an orc warrior
   675 | D:8      | Noticed an ice beast
   679 | D:8      | Killed an ice beast
   679 | D:8      | Reached skill level 9 in Stealth
   679 | D:8      | Reached XP level 4. HP: 22/22 MP: 5/5
   679 | D:8      | Reached XP level 5. HP: 25/25 MP: 6/6
   705 | D:8      | Noticed a two-headed ogre
   712 | D:8      | Killed a two-headed ogre
   712 | D:8      | Reached skill level 13 in Stealth
   712 | D:8      | Reached XP level 6. HP: 30/30 MP: 7/7
   712 | D:8      | Reached XP level 7. HP: 33/33 MP: 8/8
   885 | D:9      | Noticed a yak
   885 | D:9      | Noticed a yak
   918 | D:9      | Noticed a yak
   918 | D:9      | Noticed a yak
   918 | D:9      | Noticed a yak
   919 | D:9      | Noticed a yak
   919 | D:9      | Noticed a yak
   919 | D:9      | Noticed a yak
   943 | D:9      | Reached skill level 14 in Stealth
   953 | D:9      | Found an ornate altar of the Wu Jian Council.
   996 | D:9      | Noticed a yak
  1015 | D:9      | Noticed a yak
  1016 | D:9      | Noticed a yak
  1016 | D:9      | Noticed a yak
  1016 | D:9      | Noticed a yak
  1016 | D:9      | Noticed a yak
  1018 | D:9      | Noticed a yak
  1029 | D:9      | Noticed a troll
  1033 | D:9      | Killed a troll
  1033 | D:9      | Reached XP level 8. HP: 37/37 MP: 9/9
  1037 | D:10     | Entered Level 10 of the Dungeon
  1052 | D:10     | Noticed a hippogriff
  1067 | D:10     | Noticed a two-headed ogre
  1135 | D:11     | Noticed p0werm0de's ghost (novice DgNe)
  1143 | D:11     | Found a staircase to the Lair.
  1143 | D:11     | Noticed a komodo dragon
  1156 | Lair:1   | Entered Level 1 of the Lair of Beasts
  1158 | Lair:1   | Mangled by a komodo dragon

Vault maps used:
D:1:      dpeg_arrival_pits
D:2:      old_standard_altar, corexii_leaking_fountain, uniq_jessica,
          uniq_natasha
D:3:      first_bread, kennysheep_slug_shrine
D:4:      nicolae_overflow_crystal_walls, minmay_surrounded
D:5:      kennysheep_little_box, tso_metal_star, temple_statues, uniq_edmund
D:6:      palyth_temple_overflow_mages, uniq_grinder
D:7:      lemuel_ice_spiral_2, kennysheep_mini, serial_corexii_hall,
          corexii_hall_statues_i, corexii_hall_statues_x, serial_shops,
          nicolae_shop_behind_doors, the_bakery, hangedman_abyss_or_decor_passed
D:8:      enter_bailey_3
D:9:      lemuel_coloured_pillars_altar, lemuel_zombie_altar_yredelemnul,
          serial_shops, shop
D:10:     statuecave_lemuel, basic_altar
D:11:     david_lair_shrubbed
Temple:   hc_temple_tempest_star
Lair:1:   st_stairs_5
Bailey:   bailey_axe_minmay_hex_keep, bailey

Skill      XL: |  1  2  3  4  5  6  7 |
---------------+----------------------+-----
Stealth        | 6 7 9 13 14 | 14.9
Fighting       | |  1.5
Short Blades   | |  2.1
Throwing       | |  2.0
Dodging        | |  1.5

Action                   |  1- 3 |  4- 6 |  7- 9 || total
-------------------------+-------+-------+-------++-------
Melee: Dagger            |    22 |     1 |    16 ||    39
 Stab: Sleeping          |    12 |     1 |     3 ||    16
Armor: Troll leather arm |     4 |       |     8 ||    12
Dodge: Dodged            |    18 |       |    17 ||    35

Table legend:
 A = Spawn XP
 B = Non-spawn XP
 C = Spawn XP percentage of total XP
 D = Spawn monster count
 E = Non-spawn monster count
 F = Spawn count percentage of total count
 G = Total turns spent on level
                    A         B        C        D         E        F      G
               +---------+---------+-------+---------+---------+-------+---------
         Total |       0 |    1565 |   0.0 |       0 |      18 |   0.0 |  1158
               +---------+---------+-------+---------+---------+-------+---------
           D:3 |       0 |      24 |   0.0 |       0 |       5 |   0.0 |   298
           D:5 |       0 |      35 |   0.0 |       0 |       1 |   0.0 |    91
           D:6 |       0 |       5 |   0.0 |       0 |       2 |   0.0 |    50
           D:7 |       0 |      13 |   0.0 |       0 |       1 |   0.0 |    79
           D:8 |       0 |    1000 |   0.0 |       0 |       6 |   0.0 |   272
           D:9 |       0 |     488 |   0.0 |       0 |       3 |   0.0 |   152
               +---------+---------+-------+---------+---------+-------+---------

Vault maps used:
D:1:      dpeg_arrival_pits
D:2:      old_standard_altar, corexii_leaking_fountain, uniq_jessica,
          uniq_natasha
D:3:      first_bread, kennysheep_slug_shrine
D:4:      nicolae_overflow_crystal_walls, minmay_surrounded
D:5:      kennysheep_little_box, tso_metal_star, temple_statues, uniq_edmund
D:6:      palyth_temple_overflow_mages, uniq_grinder
D:7:      lemuel_ice_spiral_2, kennysheep_mini, serial_corexii_hall,
          corexii_hall_statues_i, corexii_hall_statues_x, serial_shops,
          nicolae_shop_behind_doors, the_bakery, hangedman_abyss_or_decor_passed
D:8:      enter_bailey_3
D:9:      lemuel_coloured_pillars_altar, lemuel_zombie_altar_yredelemnul,
          serial_shops, shop
D:10:     statuecave_lemuel, basic_altar
D:11:     david_lair_shrubbed
Temple:   hc_temple_tempest_star
Lair:1:   st_stairs_5
Bailey:   bailey_axe_minmay_hex_keep, bailey

Table legend:
 A = Turns spent in this place as a percentage of turns spent in the entire game.
 B = Non-inter-level travel turns spent in this place as a percentage of non-inter-level travel turns spent in the entire game.
 C = Inter-level travel turns spent in this place as a percentage of turns spent in this place.
 D = Turns resting spent in this place as a percentage of non-inter-level travel turns spent in this place.
 E = Turns spent auto-exploring this place as a percentage of non-inter-level travel turns spent in this place.
 F = Non-inter-level travel turns spent in this place divided by the number of levels of this place that you've seen.
                   A       B       C       D       E      F
               +-------+-------+-------+-------+-------+----------------------
         Total | 100.0 | 100.0 |   1.5 |   1.0 |  23.1 |  81.5
       Dungeon |  94.7 |  95.7 |   0.5 |   1.0 |  24.2 |  99.3
        Temple |   2.5 |   1.5 |  41.4 |   0.0 |   0.0 |  17.0
          Lair |   0.2 |   0.2 |   0.0 |   0.0 |   0.0 |   2.0
        Bailey |   2.6 |   2.6 |   0.0 |   0.0 |   0.0 |  30.0
               +-------+-------+-------+-------+-------+----------------------

Table legend:
 A = Kills in this place as a percentage of kills in entire the game.
 B = Kills by you in this place as a percentage of kills by you in the entire game.
 C = Kills by friends in this place as a percentage of kills by friends in the entire game.
 D = Other kills in this place as a percentage of other kills in the entire game.
 E = Experience gained in this place as a percentage of experience gained in the entire game.
 F = Experience gained in this place divided by the number of levels of this place that you have seen.
                   A       B       C       D       E      F
               +-------+-------+-------+-------+-------+----------------------
         Total | 100.0 | 100.0 |   N/A |   N/A | 100.0 | 111.8
       Dungeon | 100.0 | 100.0 |   N/A |   N/A | 100.0 | 142.3
               +-------+-------+-------+-------+-------+----------------------
